 Dungeon Crawl Stone Soup version 0.25.1-2-g60ff931df9 (webtiles) character file.

Game seed: 10634005274823084055

126 Exodus22XD the Shooter (level 4, 0/37 HPs)
             Began as a Centaur Hunter on Oct 24, 2020.
             Slain by a worker ant (1 damage)
             ... on level 3 of the Dungeon.
             The game lasted 00:04:34 (3458 turns).

Exodus22XD the Shooter (Centaur Hunter)             Turns: 3458, Time: 00:04:37

Health: 0/37       AC:  7    Str: 15    XL:     4   Next: 84%
Magic:  4/4        EV:  9    Int: 10    God:
Gold:   110        SH:  0    Dex:  6    Spells: 3/3 levels left

rFire    . . .     SeeInvis +   b - +0 short sword
rCold    . . .     Gourm    .   (no shield)
rNeg     . . .     Faith    .   c - +0 leather armour
rPois    +         Spirit   .   s - +2 helmet
rElec    .         Reflect  .   (no cloak)
rCorr    .         Harm     .   (no gloves)
MR       .....                  (no barding)
Stlth    ..........             (no amulet)
HPRegen  0.12/turn              l - -4 ring of dexterity (curse)
MPRegen  0.09/turn              m - ring of attention (curse)

@: lethally poisoned (0 -> -7), very quick
A: large, hooves 3, see invisible, deformed body, speed 2, poison resistance,
tough skin 3, evolution 1, MP-powered wands
a: no special abilities


You were on level 3 of the Dungeon.
You were hungry.

You visited 1 branch of the dungeon, and saw 3 of its levels.

You collected 110 gold pieces.

Inventory:

Hand Weapons
 a - a +1 shortbow
 b - a +0 short sword (weapon)
Missiles
 d - 54 arrows
Armour
 c - a +0 leather armour (worn)
 s - a +2 helmet (worn)
Jewellery
 l - a cursed -4 ring of dexterity (left hand)
 m - a cursed ring of attention (right hand)
 o - an uncursed amulet of reflection {unknown}
Scrolls
 e - a scroll of enchant weapon {unknown}
 g - 2 scrolls of fog {unknown}
 i - 2 scrolls of remove curse {unknown}
 j - a scroll of enchant armour {unknown}
 k - 2 scrolls of teleportation {unknown}
 p - a scroll of fear {unknown}
 q - a scroll of random uselessness {unknown}
 r - a scroll of amnesia {unknown}
Comestibles
 f - 6 rations
 n - 2 chunks of flesh


   Skills:
 + Level 2.5 Fighting
 + Level 6.9 Bows
 + Level 1.4 Armour
 + Level 1.9 Dodging
 - Level 0.4 Stealth


You had 3 spell levels left.
You didn't know any spells.
Your spell library was empty.

Dungeon Overview and Level Annotations

Branches:
Dungeon (3/15)

Altars:
Elyvilon
Makhleb
Nemelex Xobeh
Xom

Annotations:
D:3 3 runed translucent doors, Gaxx's ghost, weakling DsGl


Innate Abilities, Weirdness & Mutations

You have hooves in place of feet.
Armour fits poorly on your strangely shaped body.
You cover ground very quickly.
You have extremely tough skin. (AC +3)
You have supernaturally acute eyesight. (SInv)
Your system is resistant to poisons. (rPois)
You evolve.
You expend magic power (3 MP) to strengthen your wands.


Message History

You feel sick. The worker ant closely misses you.
You barely miss the worker ant.
The worker ant is almost dead.
* * * LOW HITPOINT WARNING * * *
You feel sick. The worker ant bites you.
* * * LOW HITPOINT WARNING * * *
You hit the worker ant but do no damage.
The worker ant is almost dead.
* * * LOW HITPOINT WARNING * * *
You feel sick. The worker ant bites you.
* * * LOW HITPOINT WARNING * * *
The worker ant barely misses you.
It was a potion of mutation.
You feel extremely strange.
You feel your magical essence link to the dungeon's wands.
You feel resistant to poisons.
You feel nature experimenting on you.
Don't worry, failures die fast.
Your vision sharpens.
* * * LOW HITPOINT WARNING * * *
You feel sick. The worker ant bites you.
You die...

#.# #+# #.####..# #.# ##...##
#.#.....# #.## ##.....##
#.#.###.# ####..### ##.......##
#.#.###.#
#.......###.........###....##.###
#.........+........['............
#.......###.........#.##....#####
#.....#.# #.......##.###.#.#
#.....#.# #.>.@a# #.###.#.#
#.....#.# ##...## #.##..#.#
#.#.###.# ##'## #.##.##.#
#.......# #.# #.##.##.# ###.#####
#.# #.##.##.# #.# ##.## #.......#
#.# ##...## ####.#### #.# #.....#
#.# #.##########....# #.#


You could see a worker ant.

Vanquished Creatures
  4 gnolls (D:2)
  3 adders
  A worm (D:2)
  A dart slug (D:1)
  A leopard gecko (D:2)
  2 orcs (D:3)
  2 giant cockroaches
  6 goblins
  4 hobgoblins
  9 jackals
  4 kobolds (D:1)
  A ball python (D:3)
  5 bats
  A frilled lizard (D:1)
  10 rats
54 creatures vanquished.

Notes
Turn   | Place    | Note
-------+----------+-------------------------------------------
     0 | D:1      | Exodus22XD the Centaur Hunter began the quest for the Orb.
     0 | D:1      | Reached XP level 1. HP: 17/17 MP: 1/1
   133 | D:1      | Reached XP level 2. HP: 22/24 MP: 2/2
   354 | D:1      | Reached skill level 6 in Bows
  1020 | D:2      | Found a shimmering altar of Xom.
  1081 | D:2      | Reached XP level 3. HP: 3/29 MP: 3/3
  1612 | D:2      | Found a burning altar of Makhleb.
  1617 | D:2      | Found a white marble altar of Elyvilon.
  2018 | D:2      | Reached skill level 1 in Armour
  2018 | D:2      | Reached XP level 4. HP: 7/37 MP: 4/4
  2576 | D:3      | Found a sparkling altar of Nemelex Xobeh.
  2790 | D:3      | Noticed Gaxx's ghost (weakling DsGl)
  3012 | D:3      | Found a runed translucent gate.
  3012 | D:3      | Found a runed translucent gate.
  3012 | D:3      | Found a runed translucent gate.
  3458 | D:3      | Gained mutation: You expend magic power (3 MP) to
                  | strengthen your wands. [potion of mutation]
  3458 | D:3      | Gained mutation: Your system is resistant to poisons.
                  | (rPois) [potion of mutation]
  3458 | D:3      | Gained mutation: You evolve. [potion of mutation]
  3458 | D:3      | Gained mutation: You have supernaturally acute eyesight.
                  | (SInv) [potion of mutation]
  3458 | D:3      | HP: 1/37 [poisoned by a worker ant]
  3458 | D:3      | Slain by a worker ant

Illustrated notes

Levels and vault maps discovered:
D:1:      erik_arrival_cave_to_civilisation [erik_arrival_cave_to_hall],
          layout_basic
D:2:      layout_basic, minitemple, lemuel_round_altar
D:3:      layout_loops_corners, nemelex_xobeh_ov_fountains_minmay,
          gammafunk_ghost_icy, first_ration

Skill      XL: |  1  2  3 |
---------------+----------+-----
Bows           | 6 |  6.9
Armour         | 1 |  1.4
Fighting       | |  2.5
Dodging        | |  1.9
Stealth        | |  0.4

Action                   |  1- 3 |  4- 6 || total
-------------------------+-------+-------++-------
Melee: Short sword       |   122 |    65 ||   187
       Kick              |    15 |     9 ||    24
 Fire: Shortbow          |    30 |     7 ||    37
  Use: Potion            |     2 |     1 ||     3
  Eat: Chunk             |     2 |     4 ||     6
Armor: Leather armour    |    47 |    21 ||    68
       Skin              |     3 |       ||     3
Dodge: Dodged            |    79 |    33 ||   112
